 Dungeon Crawl Stone Soup version 0.21-a0-504-g2eda33064f (webtiles) character file.

19 Kaname the Magician (level 2, -37/19 HPs)
             Began as a Demonspawn Wizard on Nov 25, 2017.
             Killed from afar by a jackal (51 damage)
             ... with an exploding inner flame
             ... hexed by the player character
             ... on level 1 of the Dungeon.
             The game lasted 00:02:51 (361 turns).

Kaname the Magician (Demonspawn Wizard)              Turns: 361, Time: 00:02:52

Health: -37/19     AC:  2    Str: 12    XL:     2   Next: 55%
Magic:  1/6        EV: 12    Int: 19    God:
Gold:   0          SH:  0    Dex: 11    Spells: 4/7 levels left

rFire    . . .     SeeInvis .   (no weapon)
rCold    . . .     Gourm    .   (no shield)
rNeg     . . .     Faith    .   a - +0 robe
rPois    .         Spirit   .   b - +0 hat
rElec    .         Reflect  .   (no cloak)
rCorr    .         Harm     .   (no gloves)
MR       .....                  (no boots)
Stlth    ++........             (no amulet)
HPRegen  0.06/turn              (no ring)
MPRegen  0.10/turn              (no ring)

@: mighty, very slightly contaminated
A: spiny 1
a: no special abilities


You were on level 1 of the Dungeon.
You were not hungry.

You visited 1 branch of the dungeon, and saw 1 of its levels.

Inventory:

Missiles
 i - a throwing net (quivered)
Armour
 a - a +0 robe (worn)
 b - a +0 hat (worn)
Scrolls
 j - a scroll of identify {unknown}
Books
 c - a book of Minor Magic

   Spells                             Type                      Level
   a - Magic Dart                     Conjuration                  1
   b - Blink                          Translocation                2
   c - Call Imp                       Summoning                    2
   d - Slow                           Hexes                        2
   e - Conjure Flame                  Conjuration/Fire             3
   f - Mephitic Cloud                 Conjuration/Poison/Air       3
Comestibles
 d - a bread ration


   Skills:
 - Level 1.7 Dodging
 - Level 1.7 Stealth
 - Level 3.0 Spellcasting
 + Level 2.6 Conjurations
   Level 1.0 Summonings
 - Level 0.8 Translocations


You had 4 spell levels left.
You knew the following spells:

 Your Spells              Type           Power        Failure   Level  Hunger
a - Magic Dart            Conj           ##..         4%          1    None
b - Blink                 Tloc           N/A          16%         2    ##.....


Dungeon Overview and Level Annotations

Branches:
Dungeon (1/15)

Altars:


Innate Abilities, Weirdness & Mutations

You are partially covered in sharp spines.


Message History

The jackal completely misses you. The ooze completely misses you.
The jackal barely misses you. The ooze barely misses you.
The jackal barely misses you. The ooze hits you. The jackal closely misses you.
Unknown command.
The ooze is struck by your spines. The ooze completely misses you.
The jackal is struck by your spines.
The jackal bites you but does no damage.
The ooze is struck by your spines. The ooze misses you.
Unknown command.
You hit the jackal.
You kill the jackal!
The ooze is struck by your spines. The ooze hits you.
Unknown command.
You hit the jackal.
The jackal is severely wounded.
The jackal is struck by your spines.
The jackal explodes!
The fiery explosion engulfs you!
Ouch! That really hurt!
You die...

####
.!.###############
#.#.hl..l.g.h.hS#
#....##########J#
##.#.#?## #@#
l........# #ยง#
##.#.#.#.#


#hh ##....##.# #.## ##.#.##. . ... ##.#.#. ... ... ##.... ??. ... ####>#...
#..#. ...#..... You could see an ooze (inner flame), 3 jackals and a ball python
(inner flame).

Vanquished Creatures
  A dart slug (D:1)
  3 goblins (D:1)
  A hobgoblin (D:1)
  5 jackals (D:1)
  2 kobolds (D:1)
  A bat (D:1)
  A frilled lizard (D:1)
  A rat (D:1)
15 creatures vanquished.

Notes
Turn   | Place    | Note
-------+----------+-------------------------------------------
     0 | D:1      | Kaname the Demonspawn Wizard began the quest for the Orb.
     0 | D:1      | Reached XP level 1. HP: 13/13 MP: 4/4
   204 | D:1      | Gained mutation: You are partially covered in sharp spines. [demonic ancestry]
   204 | D:1      | Reached XP level 2. HP: 13/19 MP: 0/6
   208 | D:1      | Learned a level 2 spell: Blink
   361 | D:1      | Killed from afar by a jackal

Vault maps used:
D:1:      grunt_arrival_crossed_arrows, minmay_pentomino_t4

Skill      XL: |  1 |
---------------+----+-----
Conjurations   | 2 |  2.6
Dodging        | |  1.7
Stealth        | |  1.7
Spellcasting   | |  3.0
Summonings     | |  1.0
Translocations | |  0.8

Action                   || total
-------------------------++-------
Melee: Unarmed           ||    25
 Cast: Magic Dart        ||    24
       Blink             ||     1
  Use: Scroll            ||     2
       Potion            ||     2
Armor: Robe              ||     7
Dodge: Dodged            ||    32

Table legend:
 A = Spawn XP
 B = Non-spawn XP
 C = Spawn XP percentage of total XP
 D = Spawn monster count
 E = Non-spawn monster count
 F = Spawn count percentage of total count
 G = Total turns spent on level
                    A         B        C        D         E        F      G
               +---------+---------+-------+---------+---------+-------+---------
         Total |       0 |      28 |   0.0 |       0 |      15 |   0.0 |   361
               +---------+---------+-------+---------+---------+-------+---------
           D:1 |       0 |      28 |   0.0 |       0 |      15 |   0.0 |   361
               +---------+---------+-------+---------+---------+-------+---------
